 Dungeon Crawl Stone Soup version 0.14.0-15-g6b16f67 (webtiles) character file.

1546 staplegun the Jinx (level 8, -1/36 HPs)
             Began as a Spriggan Enchanter on Apr 17, 2014.
             Was a Follower of Dithmenos.
             Slain by a goliath beetle (23 damage)
             ... on Level 12 of the Dungeon.
             The game lasted 00:14:26 (5101 turns).

staplegun the Jinx (Spriggan Enchanter)             Turns: 5101, Time: 00:14:26

HP  -1/36        AC  3     Str  4      XL: 8   Next: 37%
MP   7/20        EV 19     Int 17      God: Dithmenos [*.....]
Gold 188         SH  0     Dex 22      Spells:  2 memorised,  9 levels left

rFire  . . .     SeeInvis +     a - +2 dagger
rCold  . . .     Clarity  .     b - +1 robe
rNeg   . . .     Conserve +     (shield restricted)
rPois  .         rCorr    .     (helmet restricted)
rElec  .         rRot     .     (no cloak)
SustAb + .       Spirit   .     (gloves unavailable)
rMut   .         Warding  .     (boots unavailable)
Saprov . . .     Stasis   .     g - amulet of conservation {unknown}
MR     +....                    u - +4 ring of dexterity
                                e - ring of sustain abilities {unknown}

@: wreathed by umbra, very quick, somewhat resistant to hostile enchantments,
very stealthy
A: unfitting armour, see invisible, herbivore 3, speed 3, slow metabolism 2
a: Renounce Religion


You were on level 12 of the Dungeon.
You worshipped Dithmenos.
Dithmenos was aware of your devotion.
You were not hungry.

You visited 3 branches of the dungeon, and saw 14 of its levels.

You collected 248 gold pieces.
You spent 60 gold pieces at shops.

Inventory:

Hand weapons
 a - a +2,+2 dagger (weapon)
Missiles
 d - 11 darts (quivered)
 h - 4 poisoned darts
Armour
 b - a +1 robe (worn)
Magical devices
 E - a wand of teleportation (4)
Comestibles
 o - 3 bread rations
 C - an apple
Scrolls
 i - 3 scrolls of random uselessness
 j - 6 scrolls of remove curse
 k - 3 scrolls of recharging
 p - a scroll of fog
 t - 2 scrolls of teleportation
Jewellery
 e - a ring of sustain abilities (left hand) {unknown}
 g - an amulet of conservation (around neck) {unknown}
 u - a +4 ring of dexterity (right hand)
 w - an uncursed ring of see invisible
 z - an uncursed amulet of resist mutation {unknown}
Potions
 l - 3 potions of heal wounds
 m - a potion of brilliance {unknown}
 n - 8 potions of curing
 s - a potion of magic {unknown}
 v - a potion of cure mutation {unknown}
 x - a potion of paralysis {unknown}
 D - 2 potions of berserk rage {unknown}
Books
 c - a book of Maledictions

   Spells                             Type                      Level
   *Corona                            Hexes                        1
   Sure Blade                         Hexes/Charms                 2
   *Ensorcelled Hibernation           Hexes/Ice                    2
   Confuse                            Hexes                        3
   Enslavement                        Hexes                        4
   Invisibility                       Hexes                        6


   Skills:
 + Level 6.0 Short Blades
 - Level 1.1 Throwing
 - Level 3.0 Dodging
 - Level 4.3 Stealth
 - Level 2.6 Spellcasting
 + Level 8.0 Hexes
 + Level 4.8 Ice Magic


You had 9 spell levels left.
You knew the following spells:

 Your Spells              Type           Power        Failure   Level  Hunger
a - Corona                Hex            ####...      1%          1    #......
z - Ensorcelled Hibernat  Hex/Ice        ###...       1%          2    ##.....


Dungeon Overview and Level Annotations

Branches:
Dungeon (12/15)            Temple (1/1) D:4             Orc (1/4) D:9
   Lair: D:8-11

Altars:
Ashenzari
Dithmenos
Elyvilon
Okawaru
Xom
Zin
The Shining One

Annotations:
D:4 Menkaure
D:9 Eustachio


Innate Abilities, Weirdness & Mutations

You are tiny and cannot use many weapons and most armour.
You have supernaturally acute eyesight.
You are a herbivore.
You cover ground extremely quickly.
You need consume almost no food.


Message History

You kill the orc!
Dithmenos accepts your kill.
Casting: Ensorcelled Hibernation
Confirm with . or Enter, or press ? or * to list all spells.
Aiming: Ensorcelled Hibernation
Press: ? - help, Shift-Dir - straight line, f - goliath beetle
Aim: a goliath beetle (umbra)
The goliath beetle resists with significant effort.
Casting: Ensorcelled Hibernation
Confirm with . or Enter, or press ? or * to list all spells.
Aiming: Ensorcelled Hibernation
Press: ? - help, Shift-Dir - straight line, f/p - goliath beetle
Aim: a goliath beetle The goliath beetle looks drowsy...
The helpless goliath beetle fails to defend itself.
You perforate the goliath beetle like a sieve!!!
The goliath beetle is severely wounded.
The goliath beetle bites you!
Ouch! That really hurt!
You die...

*,* ****,* *,* *,* *,*
*,* *,* *,* *,* *,*
########.# *****,,
#<).....#,,,,,,,,,
#.######.# * ***,* #@#
*,* *****,* ****#B#*
***,*** ,,,,* *,, ...
,,,,,,*,,,***
*,,..$..,**,,,,,,,***
*******,.......**,***,,
,,** *
,,,,,..$...$.#*,*
*,,,,,,, *,**
*#..$...$..,,***,,,,,**
*,*
*....>..(#*,,,,,,,**
*,* *,,,..., ** ***,, *


You could see a goliath beetle.

Vanquished Creatures
  A wyvern (D:10)
  A hippogriff (D:12)
  Edmund (D:8)
  A sky beast (D:6)
  An ogre (D:9)
  A black bear (D:3)
  Sigmund (D:6)
  3 centaurs
  A giant frog (D:9)
  2 hounds
  2 iguanas
  An orc priest (D:3)
  2 worker ants
  Jessica (D:3)
  A hound skeleton (D:4)
  A shadow imp (D:6)
  3 adders
  A worm (D:4)
  A giant mite (D:6)
  A giant eyeball (D:4)
  3 giant geckos
  An ooze (D:2)
  10 orcs
  2 bats
  8 giant cockroaches
  7 goblins
  8 hobgoblins
  3 jackals (D:4)
  3 quokkas
  2 giant newts
  10 kobolds
  An orc skeleton (D:7)
  7 rats
  A rat skeleton (D:4)
93 creatures vanquished.

Vanquished Creatures (others)
  A rat (D:6)
1 creature vanquished.

Grand Total: 94 creatures vanquished

Notes
Turn   | Place    | Note
--------------------------------------------------------------
     0 | D:1      | staplegun, the Spriggan Enchanter, began the quest for the Orb.
     0 | D:1      | Reached XP level 1. HP: 9/9 MP: 4/4
   233 | D:1      | Reached XP level 2. HP: 13/13 MP: 7/7
   314 | D:1      | Reached skill level 4 in Stealth
   713 | D:2      | Learned a level 2 spell: Ensorcelled Hibernation
   811 | D:2      | Reached XP level 3. HP: 13/16 MP: 9/9
  1023 | D:2      | Reached skill level 1 in Ice Magic
  1035 | D:2      | Found Zin's Purification Station.
  1038 | D:2      | Found a glowing silver altar of Zin.
  1042 | D:2      | Bought a potion of curing for 60 gold pieces
  1664 | D:3      | Noticed a black bear
  1706 | D:3      | Killed a black bear
  1706 | D:3      | Reached skill level 5 in Hexes
  1706 | D:3      | Reached XP level 4. HP: 3/21 MP: 9/12
  1706 | D:3      | Reached XP level 5. HP: 3/24 MP: 10/14
  2079 | D:3      | Noticed Jessica
  2084 | D:3      | Killed Jessica
  2816 | D:4      | Found a staircase to the Ecumenical Temple.
  2825 | Temple   | Entered the Ecumenical Temple
  2829 | Temple   | Became a worshipper of Dithmenos the Shadowed
  2845 | D:4      | Reached XP level 6. HP: 25/28 MP: 17/17
  2954 | D:4      | Noticed Menkaure
  2964 | D:5      | Entered Level 5 of the Dungeon
  3055 | D:5      | Found a shimmering altar of Xom.
  3410 | D:6      | Reached skill level 6 in Hexes
  3435 | D:6      | Noticed Sigmund
  3447 | D:6      | Killed Sigmund
  3611 | D:6      | Found a white marble altar of Elyvilon.
  3786 | D:8      | Noticed Edmund
  3796 | D:8      | Noticed a wolf
  3799 | D:8      | Killed Edmund
  3799 | D:8      | Reached XP level 7. HP: 24/32 MP: 16/19
  3845 | D:7      | Noticed a hippogriff
  4292 | D:9      | Found a staircase to the Orcish Mines.
  4298 | Orc:1    | Entered Level 1 of the Orcish Mines
  4334 | D:9      | Reached skill level 7 in Hexes
  4439 | D:9      | Reached skill level 5 in Short Blades
  4457 | D:10     | Entered Level 10 of the Dungeon
  4465 | D:10     | Noticed a wyvern
  4468 | D:10     | Killed a wyvern
  4468 | D:10     | Reached XP level 8. HP: 34/36 MP: 12/20
  4484 | D:10     | Noticed a deep elf mage
  4673 | D:9      | Noticed Eustachio
  4675 | D:9      | Noticed a gargoyle
  5086 | D:12     | Reached skill level 8 in Hexes
  5088 | D:12     | Found a staircase to the Orcish Mines.
  5101 | D:12     | Slain by a goliath beetle

Action                   |  1- 3 |  4- 6 |  7- 9 || total
-------------------------+-------+-------+-------++-------
Melee: Dagger            |   152 |   145 |    48 ||   345
Throw: Dart              |     5 |     6 |       ||    11
 Cast: Ensorcelled Hiber |     3 |    24 |    41 ||    68
Evoke: Wand              |       |     1 |       ||     1
  Use: Potion            |     1 |     1 |     3 ||     5
       Scroll            |       |    12 |     6 ||    18
 Stab: Sleeping          |     9 |    21 |    16 ||    46
       Distracted        |     1 |       |       ||     1
